 Dungeon Crawl Stone Soup version 0.31.0-11-ge490571c62 (webtiles) character file.

Game seed: 12668645013916206737

35 qw the Shooter (level 3, -4/18 HPs)
             Began as a Spriggan Hunter on Feb 3, 2024.
             Slain by a goblin
             ... wielding a +0 dagger
             ... led by Robin
              (6 damage)
             ... on level 2 of the Dungeon.
             The game lasted 00:00:02 (909 turns).

qw the Shooter (Spriggan Hunter)                     Turns: 909, Time: 00:00:03

Health: -4/18      AC:  2    Str:  7    XL:     3   Next: 16%
Magic:  4/4        EV: 19    Int: 10    God:
Gold:   41         SH:  0    Dex: 20    Spells: 2/2 levels left

rFire   . . .        a - +0 shortbow
rCold   . . .        (shield currently unavailable)
rNeg    . . .        c - +0 robe
rPois   .            (helmet restricted)
rElec   .            (no cloak)
rCorr   .            (gloves unavailable)
SInv    +            (boots unavailable)
Will    .....        (no amulet)
Stlth   ++           (no ring)
HPRegen 0.23/turn    (no ring)
MPRegen 0.09/turn

%: no passive effects
@: very quick
A: very small, no large weapons, unfitting armour, see invisible, speed 3
a: no special abilities


You were on level 2 of the Dungeon.
You visited 1 branch of the dungeon, and saw 2 of its levels.

You collected 41 gold pieces.


Innate Abilities, Weirdness & Mutations

You are very small and have problems with some larger weapons.
You are too small for most types of armour.
You have supernaturally acute eyesight. (SInv)
You cover ground extremely quickly. (Speed+++)


   Skills:
 - Level 1.5 Fighting
 + Level 4.5 Ranged Weapons
 - Level 4.0 Dodging
 - Level 1.5 Stealth


You had 2 spell levels left.
You didn't know any spells.
Your spell library was empty.

Inventory:

Hand Weapons
 a - a +0 shortbow (weapon)
Armour
 c - a +0 robe (worn)
Potions
 i - a potion of curing
 l - a potion of enlightenment {unknown}
 m - a potion of ambrosia {unknown}

Dungeon Overview and Level Annotations

Branches:
Dungeon (2/15)

Altars:

Shops:
D:1 (   D:2 =

Annotations:
D:2 Robin


Message History

The goblin wields a +0 sling.
The goblin shoots a sling bullet.
The sling bullet misses you.
You shoot an arrow. The arrow hits the goblin!
You kill the goblin!
You hear a shout!
Robin throws the goblin at you!
A goblin comes into view. It is wielding a +0 dagger.
The goblin unwields a +0 sling.
The goblin wields a +0 dagger.
The goblin barely misses you.
You shoot an arrow. The arrow closely misses the goblin.
A goblin breaks down the door.
The goblin closely misses you.
You shoot an arrow. The arrow hits the goblin.
You kill the goblin!
The goblin hits you with a +0 dagger of distortion.
You shoot an arrow. The arrow hits Robin.
Robin is moderately wounded.
The goblin hits you with a +0 dagger of distortion.
Space warps around you. Robin completely misses you.
You shoot an arrow.
The arrow hits Robin but does no damage.
Robin is moderately wounded.
The goblin hits you with a +0 dagger of distortion.
Space warps around you. The goblin barely misses you.
You shoot an arrow. The arrow hits Robin!
Robin is severely wounded.
The goblin closely misses you. Robin misses you. The goblin barely misses you.
You shoot an arrow.
The arrow hits Robin but does no damage.
Robin is severely wounded.
The goblin barely misses you. The goblin closely misses you.
You shoot an arrow.
The arrow hits Robin but does no damage.
Robin is severely wounded.
The goblin barely misses you. The goblin hits you with a +0 dagger.
You shoot an arrow. The arrow hits Robin.
Robin is almost dead.
The goblin closely misses you.
Robin points. "Kill!"
The goblin barely misses you. The goblin hits you with a +0 dagger.
You die...

#.########......#.##.
#.# ##...##.###. #.#
##..######. #.#
#......... #.#
#.######## #%####
##'## #....# ##...##
####g#####.....##
#.g@g.##.......## #
#..#g#.#.........####
.... ...
+.........+... ####
..####.........###.
#.. ##.......## #.
##. ##.....## #. #.
##...## #. #. ##'##
#. #.# #.


You could see Robin and 3 goblins.

Vanquished Creatures
  5 ball pythons (D:1)
  2 endoplasms (D:1)
  A giant cockroach (D:2)
  9 goblins
  4 hobgoblins (D:1)
  4 bats (D:1)
  2 kobolds (D:1)
  4 rats (D:1)
31 creatures vanquished.

Notes
Turn   | Place    | Note
-------+----------+-------------------------------------------
     0 | D:1      | qw the Spriggan Hunter began the quest for the Orb.
     0 | D:1      | Reached XP level 1. HP: 10/10 MP: 2/2
     0 | D:1      | 0 ||| qw: Version: 0.3-a-157-g843a77d
     0 | D:1      | 0 ||| qw: Game counter: 3902
     0 | D:1      | 0 ||| qw: Melee chars always use a shield: true
     0 | D:1      | 0 ||| qw: God list: Okawaru
     0 | D:1      | 0 ||| qw: Allow faded altars: false
     0 | D:1      | 0 ||| qw: Do Orc after clearing Dungeon:15 true
     0 | D:1      | 0 ||| qw: Do second Lair branch before Depths: true
     0 | D:1      | 0 ||| qw: Lair rune preference: random
     0 | D:1      | 0 ||| qw: Goals: Normal
     0 | D:1      | 0 ||| PLANNING D:1-11
   173 | D:1      | Reached skill level 3 in Dodging
   204 | D:1      | Reached XP level 2. HP: 14/14 MP: 3/3
   285 | D:1      | Found a faded altar of an unknown god.
   505 | D:1      | Found Jeubb's Antique Weapon Shop.
   539 | D:1      | Reached XP level 3. HP: 18/18 MP: 4/4
   635 | D:1      | 635 ||| READING scroll labelled CAKKERHOTEIR.
   636 | D:1      | 636 ||| READING scroll labelled CIKA RYTZUNOEM.
   636 | D:1      | 636 ||| IDENTIFYING silvery potion
   637 | D:1      | 637 ||| READING scroll labelled FUG NOSTYUPLADOF.
   738 | D:1      | 738 ||| READING scroll labelled OTSIYCS BONI.
   742 | D:1      | 742 ||| READING scroll labelled RIEC CIFAOCSAE.
   742 | D:1      | 742 ||| ENCHANTING +0 shortbow.
   743 | D:1      | 743 ||| READING scroll labelled YLUNOT ETAGG.
   777 | D:1      | 777 ||| READING scroll labelled JYM RAUFFOX.
   778 | D:1      | 778 ||| DRINKING 3 bubbling blue potions.
   779 | D:1      | 779 ||| DROPPING scroll of butterflies.
   780 | D:1      | 780 ||| DROPPING 2 potions of invisibility.
   895 | D:2      | Found Ahoekk's Jewellery Shop.
   898 | D:2      | 898 ||| SHOPLISTING +5 ring of evasion (504 gold, have 41).
   898 | D:2      | 898 ||| SHOPLISTING amulet of faith (560 gold, have 41).
   898 | D:2      | 898 ||| SHOPLISTING amulet of reflection (420 gold, have
                  | 41).
   898 | D:2      | 898 ||| SHOPLISTING amulet of the acrobat (420 gold, have
                  | 41).
   898 | D:2      | 898 ||| SHOPLISTING ring of poison resistance (280 gold,
                  | have 41).
   898 | D:2      | 898 ||| SHOPLISTING ring of protection from fire (350 gold,
                  | have 41).
   899 | D:2      | Noticed Robin
   908 | D:2      | HP: 2/18 [goblin/+0 dagger[Robin] (5)]
   909 | D:2      | Slain by a goblin

Levels and vault maps discovered:
D:1:      dpeg_arrival_chambers_temple_mockup, layout_basic, serial_shops,
          nicolae_shop_competitors_out_of_business,
          ebering_ecumenical_altar_mist, minmay_pentomino_r4
D:2:      layout_loops_corners, serial_shops, nicolae_shop_behind_doors,
          uniq_robin

Skill      XL: |  1  2 |
---------------+-------+-----
Dodging        | 3 4 |  4.0
Fighting       | |  1.5
Ranged Weapons | |  4.5
Stealth        | |  1.5

Action                     || total
---------------------------++-------
   Fire: Shortbow          ||    68
    Use: Scroll            ||     7
         Potion            ||     1
 Armour: Robe              ||     6
  Dodge: Dodged            ||    15

Table legend:
 A = Non-vault XP
 B = Vault XP
 C = Vault XP percentage of total XP
 D = Non-vault monster count
 E = Vault monster count
 F = Vault count percentage of total count
                 A         B        C        D         E       F
            +---------+---------+-------+---------+---------+-------
      Total |      40 |      10 |  20.0 |      25 |       6 |  19.4
            +---------+---------+-------+---------+---------+-------
        D:1 |      38 |       5 |  11.6 |      24 |       3 |  11.1
        D:2 |       2 |       5 |  71.4 |       1 |       3 |  75.0
            +---------+---------+-------+---------+---------+-------
